Unix NetHack Version 5.0.0-0 post-release - last build May  4 2026 22:22:43 (774f63e81ad911689b3a0859ea89b322d5daca8d,branch:main).

Game began 2026-05-05 08:38:59, ended 2026-05-05 09:19:14.

31245981910, neutral female human Monk

                               --          -----     ---
                               |.-        --...-     |.
                               |..---      ....      |.
                                -....----  -...-     |.
                                 ........   ...| ----|.-
                                  -.......| |..--|..||.|
                                  |.........|...|-..--.|   -----
                                   .........|...|......-----.|.--
                                      |..................||.....---
                                       -^................--.......|
                                      --......*)..).).*...........--
                                      -........<.......%...........|
                             ............. ---.........--........>.|
                            -...........     --......---|..).....-.|
                         .............        |.-.--.|  ----.......|
                          ------.... -        |...--*|     |..------
          |  ---           -----. - ------------.....-------.--
          |......................(..................%.h.G@..)|
          -------------------------------------..--.%---------
                                              --------
31245981910 the Novice          St:15 Dx:18 Co:15 In:10 Wi:11 Ch:7  Neutral
Dlvl:5  $:69 HP:0(34) Pw:20(20) AC:4  Xp:5 T:2037 

Latest messages:
 The gnome lord picks up 3 cursed daggers.
 You hit the gnome lord!
 The gnome lord wields 3 cursed daggers!
 The daggers weld themselves to the gnome lord's hand!
 The gnome is almost hit by an arrow!
 The gnome picks up an arrow.
 You kill the gnome lord!
 The hobbit shoots a rock!
 You are hit by a rock.
 You hear the howling of the CwnAnnwn...
 The hobbit shoots a rock!
 A rock misses you.
 You see here a gnome corpse.
 The hobbit swings his sling.
 The hobbit misses!
 You hit the hobbit!
 You kill the hobbit!
 There are several objects here.
 You see here a gnome corpse.
 You see here a gnome corpse.
 You see here a gnome corpse.
 The hobbit shoots a rock!
 A rock misses you.
 The hobbit shoots a rock!
 A rock misses you.
 The hobbit shoots a rock!
 A rock misses you.
 The hobbit shoots a rock!
 You are hit by a rock.
 The hobbit shoots a rock!
 You are hit by a rock.
 The hobbit shoots a rock!
 A rock misses you.
 The gnome lord throws a stout spear!
 You are almost hit by a stout spear.
 The gnome lord wields a bow!
 The gnome lord shoots an arrow!
 You are hit by an arrow.
 The gnome lord shoots 2 arrows!
 You are hit by the 1st arrow!
 You hear the howling of the CwnAnnwn...
 The 2nd arrow misses you.
 The gnome lord swings his bow.
 The gnome lord hits!
 You die...
 Do you want your possessions identified? [ynq] (y) y
 Do you want to see your attributes? [ynq] (y) y
 Do you want an account of creatures vanquished? [ynaq] (y) y
 Do you want to see your conduct and achievements? [ynq] (y) y
 Do you want to see the dungeon overview? [ynq] (y) y

Inventory:
 Coins    ('$')
  $ - 69 gold pieces
 Weapons  (')')
  m - 7 cursed -2 arrows
  z - a blessed +1 dwarvish short sword
  x - a cursed -1 scimitar
 Armor    ('[')
  a - an uncursed +2 pair of leather gloves (being worn)
  b - an uncursed +1 robe (being worn)
 Comestibles  ('%')
  f - 5 uncursed apples
  e - 4 uncursed food rations
  k - a cursed food ration
  g - 5 uncursed oranges
  r - an uncursed tripe ration
  u - a cursed rotten tin of sewer rat meat
 Scrolls  ('?')
  j - an uncursed scroll of create monster
  v - a blessed scroll of light
 Spellbooks  ('+')
  i - a blessed spellbook of protection
 Potions  ('!')
  A - a blessed potion of enlightenment
  y - an uncursed potion of extra healing
  d - 3 uncursed potions of healing
 Tools    ('(')
  o - an uncursed lock pick
 Gems/Stones  ('*')
  q - 2 uncursed amber stones
  n - 2 cursed jade stones
  l - a cursed worthless piece of red glass

31245981910 the Monk's attributes:

Background:
 You were a Novice, a level 5 female human Monk.
 You were neutral, nominally on a mission for Chih Sung-tzu
 who was opposed by Shan Lai Ching (lawful) and Huan Ti (chaotic).
 You were left-handed.
 You were in the Gnomish Mines, on level 5.
 You entered the dungeon 2037 turns ago.
 You had 206 experience points, 114 more were needed to attain level 6.

Basics:
 You had 0 out of 34 hit points.
 You had all 20 energy points (spell power).
 Your armor class was 4.
 Your wallet contained 69 zorkmids.
 Autopickup was off.

Final Characteristics:
 Your strength was 15 (limit:18/100).
 Your dexterity was 18 (limit:18).
 Your constitution was 15 (limit:18).
 Your intelligence was 10 (limit:18).
 Your wisdom was 11 (limit:18).
 Your charisma was 7 (limit:18).

Final Status:
 You weren't hungry.
 You were unencumbered.
 You were empty handed.
 You had basic skill with martial arts.

Final Attributes:
 You were devoutly aligned.
 You were sleep resistant.
 You were poison resistant.
 You saw invisible.
 You were stealthy.
 You aggravated monsters.
 You were guarded.
 Your spell casting was enhanced by wearing a robe.
 You were fast.
 You were unlucky.
 You are dead.

Miscellaneous:
 You didn't encounter any bones levels.
 Total elapsed playing time was 31 minutes and 37 seconds.

Major events:
 Turn
    1: 31245981910 the neutral female human Monk entered the dungeon
 1337: attained the rank of Novice (level 3)
 1930: entered the Gnomish Mines
 2037: killed by a gnome lord

Spells:
 Name                 Level Category     Fail Retention
 protection             1   clerical       0%  76%-100%

Skills:
 Fighting Skills
   martial arts       [Basic]
 Weapon Skills
   quarterstaff       [Unskilled]
   spear              [Unskilled]
   crossbow           [Unskilled]
   shuriken           [Unskilled]
 Spellcasting Skills
   attack spells      [Unskilled]
   healing spells     [Basic]
   divination spells  [Unskilled]
   enchantment spells [Unskilled]
   clerical spells    [Unskilled]
   escape spells      [Unskilled]
   matter spells      [Unskilled]

Voluntary challenges:
 Character rerolling was not enabled.
 You were an atheist.
 You never hit with a wielded weapon.
 You never genocided any monsters.
 You never polymorphed an object.
 You never changed form.
 You used no wishes.
Achievements:
 You entered a shop.
 You attained the rank of Novice.
 You entered the Gnomish Mines.

 The Dungeons of Doom: levels 1 to 4
    Level 1:
    Level 2:
       A vegetarian food shop, many fountains, a sink.
    Level 3:
       Some fountains.
    Level 4:
       A fountain.
       Stairs down to The Gnomish Mines.
 The Gnomish Mines:
    Level 5: <- You were here.
       Final resting place for
          you, killed by a gnome lord.


Vanquished creatures:
  a gnome leader
  a kitten
  2 dwarves
  2 hill orcs
  3 giant bats
  a werejackal
  2 iguanas
  4 coyotes
  2 hobbits
  2 red molds
  5 gnomes
  a garter snake
  a jackal
  a fox
  a goblin
  2 sewer rats
  9 grid bugs
  4 lichens
  3 newts
47 creatures vanquished.

No species were genocided or became extinct.

Game over:
                       ----------
                      /          \
                     /    REST    \
                    /      IN      \
                   /     PEACE      \
                  /                  \
                  |   31245981910    |
                  |      69 Au       |
                  |   killed by a    |
                  |    gnome lord    |
                  |                  |
                  |                  |
                  |       2026       |
                 *|     *  *  *      | *
        _________)/\\_//(\/(/\)/\//\/|_)_______

Goodbye 31245981910 the Monk...

You died in The Gnomish Mines on dungeon level 5 with 1087 points,
and 69 pieces of gold, after 2037 moves.
You were level 5 with a maximum of 34 hit points when you died.

